AoeStats
← Tamor

Arena

510582337Analyzed
4v4 RM · 1d ago on Oct 1, 2026· 43m 50s· 8 players
Game mode
Random Map
Map size
Large (8 player)
Population
200
Speed
Normal
Resources
Standard
Victory
Conquest
Starting age
Dark Age
Ending age
Imperial Age
RankedLock teamsTeams togetherTeam positionsShared explorationLock speedFull tech treeHidden civsTurbo modeCheats
Victory
Defeat
🇷🇺 Sicilians · Russia
905
+13
🇧🇷 Turks · Brazil
784
+18
🇨🇱 Romans · Chile
774
+19
🇺🇸 Portuguese · United States
752
+19
🇲🇽 Teutons · Mexico
852
-18
🇩🇪 Bohemians · Germany
835
-17
🇻🇳 Britons · Vietnam
835
-17
🇻🇳 Japanese · Vietnam
825
-17
Thorin escudo de Roble
9:27 Feudal Age
14:48 Castle Age
13:09 Stone Mining
14:32 Double-Bit Axe
16:05 Wheelbarrow
20:37 Horse Collar
21:22 Fletching
22:14 Gold Mining
22:44 Bodkin Arrow
23:38 Hand Cart
25:14 Heavy Plow
33:15 Imperial Age
31:22 Forging
31:18 Scale Barding Armor
32:11 Bloodlines
32:40 Iron Casting
33:22 Chain Barding Armor
33:17 Cavalier
34:28 Conscription
34:35 Ironclad
33:44 Capped Ram
Osman1453
1:45 Loom
10:42 Feudal Age
13:45 Double-Bit Axe
20:07 Castle Age
22:01 Pikeman
26:10 Imperial Age
36:29 Bow Saw
phanminh638i
11:02 Feudal Age
15:41 Castle Age
13:52 Double-Bit Axe
21:59 Man-at-Arms
23:45 Bow Saw
23:28 Stone Mining
23:30 Gold Mining
23:25 Long Swordsman
33:08 Imperial Age
30:51 Gambesons
31:25 Forging
31:06 Fletching
32:47 Gold Shaft Mining
33:41 Bodkin Arrow
35:06 Two-Man Saw
33:32 Two-Handed Swordsman
35:08 Wheelbarrow
35:47 Chemistry
35:30 Elite Longbowman
36:41 Yeomen
36:58 Champion
38:27 Bracer
39:03 Iron Casting
38:29 Padded Archer Armor
39:52 Ballistics
39:55 Horse Collar
44:11 Blast Furnace
dinhnv.mr
0:30 Loom
13:55 Feudal Age
14:35 Double-Bit Axe
14:33 Horse Collar
14:57 Man-at-Arms
17:36 Gold Mining
17:36 Stone Mining
18:51 Arson
26:36 Castle Age
26:41 Elite Skirmisher
26:44 Pikeman
27:26 Squires
27:12 Light Cavalry
28:02 Bloodlines
29:42 Fletching
30:03 Forging
29:55 Scale Mail Armor
29:55 Padded Archer Armor
30:06 Heavy Plow
31:09 Bodkin Arrow
32:41 Town Watch
ggLUNCHIE_YT
10:45 Loom
12:57 Feudal Age
13:45 Double-Bit Axe
13:52 Gold Mining
15:01 Wheelbarrow
19:49 Castle Age
21:51 Hand Cart
25:59 Imperial Age
23:34 Stone Mining
23:57 Bow Saw
24:41 Treadmill Crane
25:42 Stone Shaft Mining
29:29 Two-Man Saw
28:48 Horse Collar
29:48 Town Watch
31:11 Forging
30:51 Fletching
31:02 Padded Archer Armor
31:02 Scale Mail Armor
32:10 Chemistry
32:21 Town Patrol
36:14 Iron Casting
35:34 Bodkin Arrow
35:54 Leather Archer Armor
35:55 Chain Mail Armor
36:12 Ballistics
39:58 Blast Furnace
38:59 Bracer
39:29 Ring Archer Armor
39:30 Plate Mail Armor
39:08 Siege Engineers
40:09 Conscription
40:32 Pikeman
40:57 Arson
41:37 Elite Skirmisher
42:24 Thumb Ring
41:59 Halberdier
Mapuche Mayer
10:39 Feudal Age
14:39 Castle Age
12:33 Double-Bit Axe
12:31 Horse Collar
21:27 Wheelbarrow
20:55 Heavy Plow
23:12 Bow Saw
23:30 Gold Mining
23:37 Stone Mining
24:21 Loom
25:06 Hand Cart
28:57 Imperial Age
27:35 Gold Shaft Mining
27:40 Ballistics
27:32 Forging
27:23 Scale Mail Armor
27:18 Town Watch
29:33 Iron Casting
29:14 Chain Mail Armor
29:08 Town Patrol
30:35 Crop Rotation
29:43 Heavy Scorpion
29:45 Capped Ram
31:24 Ballistas
31:40 Conscription
31:40 Comitatenses
32:22 Blast Furnace
31:20 Man-at-Arms
32:00 Squires
32:00 Siege Ram
32:21 Long Swordsman
32:51 Legionary
33:49 Siege Engineers
34:44 Chemistry
34:45 Pikeman
35:21 Halberdier
38:29 Onager
39:58 Fletching
40:22 Masonry
Tamor
11:33 Feudal Age
16:49 Castle Age
15:28 Double-Bit Axe
22:27 Imperial Age
22:37 Gold Mining
22:52 Padded Archer Armor
34:42 Wheelbarrow
36:41 Hand Cart
36:51 Ballistics
39:43 Bow Saw
Ge.Ŀiek
2:32 Loom
11:23 Feudal Age
13:30 Horse Collar
13:38 Double-Bit Axe
16:23 Stone Mining
17:33 Gold Mining
20:49 Scale Mail Armor
21:00 Forging
26:35 Castle Age
27:35 Wheelbarrow
30:21 Stone Shaft Mining
30:22 Gold Shaft Mining
30:01 Bow Saw
29:56 Heavy Plow
29:40 Pikeman
30:56 Hand Cart
30:27 Town Watch
32:59 Crossbowman
34:37 Elite Skirmisher
35:50 Chain Mail Armor
36:11 Iron Casting
35:37 Padded Archer Armor
35:27 Fletching
40:13 Imperial Age
39:07 Siphons
39:25 Ballistics
39:17 Masonry
39:07 Murder Holes
41:07 Elite Serjeant
42:10 Hauberk
Connection lost

Rejoining the realm…

Still unreachable

The connection could not be restored.

Session expired

The server has moved on; the page needs a fresh start.